 Dungeon Crawl Stone Soup version 0.29.1-12-g30fa7ad0bf (webtiles) character file.

Game seed: 4032763449453756915

370 wormed the Shield-Bearer (level 6, 0/39 HPs)
             Began as a Gargoyle Fighter on Dec 21, 2022.
             Was an Initiate of the Shining One.
             Slain by an endoplasm (3 damage)
             ... on level 3 of the Dungeon.
             The game lasted 00:05:22 (3365 turns).

wormed the Shield-Bearer (Gargoyle Fighter)         Turns: 3365, Time: 00:05:22

Health: 0/39       AC: 12    Str: 22    XL:     6   Next: 70%
Magic:  6/6        EV:  9    Int:  8    God:    the Shining One [......]
Gold:   155        SH:  0    Dex:  9    Spells: 5/5 levels left

rFire   + . .      SeeInvis .   a - +0 flail
rCold   + . .      Faith    .   c - +0 buckler
rNeg    + . .      Spirit   .   b - +0 scale mail
rPois   ∞          Reflect  .   x - +0 helmet
rElec   +          Harm     .   (no cloak)
rCorr   +          Rampage  .   (no gloves)
Will    .....                   (no boots)
Stlth   ..........              j - amulet of the acrobat
HPRegen 0.13/turn               (no ring)
MPRegen 0.10/turn               (no ring)

@: confused, resistant, glowing
A: sickness immunity, AC +4, negative energy resistance 1, electricity
resistance, torment resistance 1, petrification resistance
a: Renounce Religion


You were on level 3 of the Dungeon.
You worshipped the Shining One.
The Shining One was noncommittal.
You visited 1 branch of the dungeon, and saw 4 of its levels.

You collected 155 gold pieces.

Inventory:

Hand Weapons
 a - a +0 flail (weapon)
Armour
 b - a +0 scale mail (worn)
 c - a +0 buckler (worn)
 x - a +0 helmet (worn)
Jewellery
 j - an amulet of the acrobat (around neck)
 k - a ring of magical power
Scrolls
 e - 2 scrolls of amnesia {unknown}
 f - a scroll of summoning {unknown}
 g - 3 scrolls of teleportation {unknown}
 o - 3 scrolls of identify {unknown}
 p - a scroll of blinking {unknown}
 s - a scroll of magic mapping {unknown}
 v - a scroll of enchant weapon {unknown}
Potions
 d - a potion of might
 h - a potion of cancellation {unknown}
 i - 4 potions of brilliance {unknown}
 l - a potion of resistance
 m - a potion of heal wounds {unknown}
 n - a potion of magic {unknown}
 q - a potion of mutation {unknown}
 r - a potion of curing {unknown}
 t - a potion of lignification {unknown}
 u - a potion of ambrosia {unknown}
 w - a potion of invisibility {unknown}


   Skills:
 + Level 4.6 Fighting
 * Level 4.5 Maces & Flails
 + Level 4.6 Armour
 + Level 4.6 Shields


You had 5 spell levels left.
You didn't know any spells.
Your spell library contained the following spells:

 Spells                   Type           Power      Damage    Failure   Level
 Anguish                  Hex/Necr       0%         N/A       100%        4
 Enfeeble                 Hex            0%         N/A       100%        7


Dungeon Overview and Level Annotations

Branches:
Dungeon (4/15)
 Temple: D:4-7

Altars:
Cheibriados
Dithmenos
Ru
Vehumet
The Shining One


Innate Abilities, Weirdness & Mutations

You are immune to sickness and miasma.
Your stone body is resilient. (AC +4)
You are immune to poison.
You resist negative energy. (rN+)
You are resistant to electric shocks. (rElec)
You are resistant to unholy torment.
You are immune to petrification.


Message History

You are confused.
The endoplasm closely misses you.
You completely miss something. Something hits you but does no damage.
The endoplasm hits you but does no damage.
The endoplasm attacks as you move away!
The endoplasm hits you but does no damage.
The endoplasm jiggles.
You closely miss something. The endoplasm misses you.
Something hits you but does no damage. Something misses you.
The endoplasm completely misses you. Something hits you but does no damage.
You closely miss something. The endoplasm barely misses you.
You hear some strange, mumbled words.
A magic dart appears from out of thin air!
The magic dart hits you but does no damage.
The endoplasm freezes you.
You are frozen.
You hear some strange, mumbled words.
You are more confused.
You closely miss something.
You hear some strange, mumbled words.
A magic dart appears from out of thin air!
The magic dart hits you!
* * * LOW HITPOINT WARNING * * *
The endoplasm freezes you.
You are frozen.
* * * LOW HITPOINT WARNING * * *
Something hits you but does no damage.
There is an escape hatch in the ceiling here.
You bump into the rock wall.
Something hits you but does no damage. The endoplasm freezes you.
You are frozen.
* * * LOW HITPOINT WARNING * * *
Something hits you but does no damage. The endoplasm closely misses you.
A mysterious force pulls you upwards. The hatch slams shut behind you.
Reactivating autopickup.
It was a potion of resistance.
You feel protected. Something completely misses you. The endoplasm hits you.
You die...

..###>....#####.###.##### #.####.
..<#...##.## #.# #.# #......
.....#.....# #.# #.#######..####
..#.#####..####.# #..........####
..#.............############.#...
<.###............# #.#.##
..###.###..####..## #.#.#
........#..####...##### #.#.#
#.###.#.........@{....# #.#.# #.#
#[###..####.J.###.# #.#.#
#.###.###..# ##### #.# #.#.#
#.##...##..#### #.# #.#.##
#.#.###.#.....# #(# #....# #.#.#
#.#.###.## #.# #..#..
....###.#......# #.# ##...#
.......##......# #.# ##.##
......###.####.# #.## #.#


You could see an endoplasm.

Vanquished Creatures
  2 scorpions
  Natasha (thrice) (D:2)
  2 iguanas (D:4)
  3 gnolls
  2 adders (D:3)
  An ufetubus (D:4)
  2 worms (D:2)
  5 dart slugs
  8 orcs
  3 ball pythons
  10 endoplasms
  2 giant cockroaches
  3 goblins (D:1)
  4 hobgoblins
  A quokka (D:3)
  5 bats
  2 frilled lizards
  5 kobolds
  2 rats
65 creatures vanquished.

Vanquished Creatures (others)
  A plant (D:1)
1 creature vanquished.

Grand Total: 66 creatures vanquished

Notes
Turn   | Place    | Note
-------+----------+-------------------------------------------
     0 | D:1      | wormed the Gargoyle Fighter began the quest for the Orb.
     0 | D:1      | Reached XP level 1. HP: 14/14 MP: 1/1
    88 | D:1      | Reached XP level 2. HP: 14/19 MP: 2/2
   902 | D:1      | Reached XP level 3. HP: 22/23 MP: 3/3
   973 | D:1      | Found a faded altar of an unknown god.
  1078 | D:2      | Noticed Natasha
  1217 | D:2      | Reached XP level 4. HP: 23/29 MP: 4/4
  1249 | D:2      | Killed Natasha
  1381 | D:2      | Noticed Natasha
  1397 | D:2      | Killed Natasha
  1398 | D:2      | Reached XP level 5. HP: 26/33 MP: 5/5
  1600 | D:2      | Noticed Natasha
  1609 | D:2      | Killed Natasha
  2030 | D:3      | Found a sacrificial altar of Ru.
  2031 | D:3      | Found a shadowy altar of Dithmenos.
  2031 | D:3      | Found a glowing golden altar of the Shining One.
  2031 | D:3      | Found a snail-covered altar of Cheibriados.
  2031 | D:3      | Found a radiant altar of Vehumet.
  2141 | D:3      | Became a worshipper of the Shining One
  2437 | D:3      | Reached XP level 6. HP: 31/38 MP: 6/6
  3365 | D:3      | Slain by an endoplasm

Illustrated notes

Levels and vault maps discovered:
D:1:      scummos_arrival_star, layout_loops_cross, serial_forest,
          infiniplex_forest_lined_room_2, infiniplex_forest_lined_2,
          infiniplex_forest_end_3, infiniplex_forest_straight_3,
          infiniplex_forest_lined_4_way, infiniplex_forest_clump_long,
          infiniplex_forest_end_2, shapermc_ecumenical_altar_acropolis
D:2:      layout_rooms, minmay_tetromino_t2, uniq_natasha
D:3:      layout_loops_ring, grunt_temple_overflow_open
D:4:      layout_cave_pools

Skill      XL: |  1  2  3  4  5 |
---------------+----------------+-----
Maces & Flails | 3 4 |  4.5
Fighting       | 4 |  4.6
Armour         | 4 |  4.6
Shields        | 4 |  4.6

Action                   |  1- 3 |  4- 6 || total
-------------------------+-------+-------++-------
Melee: Flail             |   107 |   155 ||   262
  Use: Potion            |       |     1 ||     1
Armor: Scale mail        |    69 |    86 ||   155
Dodge: Dodged            |    42 |   101 ||   143
Block: Buckler           |    28 |    40 ||    68
